[Event "Late-Titled-Tuesday-Blitz-February-20-2024"]
[Site "Chess.com"]
[Date "2024.02.20"]
[Round "6"]
[White "Muracle"]
[Black "YurasovMat-2012"]
[Result "1/2-1/2"]
[WhiteElo "2478"]
[BlackElo "2604"]
[TimeControl "180+1"]
[EndTime "15:08:13 PST"]
[Termination "Game drawn by repetition"]

1. d4 d5 2. Nf3 Nf6 3. g3 Bf5 4.
Bg2 e6 5. O-O Nbd7 6. c4 h6 7.
Qb3 Qc8 8. Nc3 c6 9. Bf4 Be7 10. Rac1 O-O 11. Ne5 Nxe5 12. Bxe5 dxc4 13. Qxc4 Nd5 14.
e4 Nb6 15. Qb3 Bg6 16. f4 Nd7 17. f5 exf5 18. exf5 Nxe5 19. Nd5 Bg5 20. dxe5 Bxf5 21. h4 Bd8 22. Nf4 Bb6+ 23. Kh2 Qd7 24. Rce1 Rfe8 25.
Qf3 Bc7 26. Qc3 Rad8 27. Rf2 Qd4 28. Qxd4 Rxd4 29. Ne2 Rd2 30. Rxf5 Bxe5 31. Nf4 f6 32. Kh3 Rxb2 33. Nd3 Rxa2 34. Nxe5 fxe5 35. Rfxe5 Rxe5 36. Rxe5 Kf7 37. Bf3 a5 38. Kg4 a4 39. Kf5 g6+ 40. Ke4 a3 41. Ra5 Ke6 42. Ra7 b5 43. Kd4 Rd2+ 44.
Ke3 Ra2 45. Bxc6 b4 46. Ba4 Rb2 47. Rb7 a2 48. Ra7 a1=Q 49. Bd7+ Kd6 50. Rxa1 Kxd7 51. Ra6 g5 52. Rxh6 gxh4 53. gxh4 Kc7 54. Rh5 Rh2 55. Kd3 b3 56. Kc3 b2 57. Rb5 Rxh4 58.
Rxb2 Kc6 59. Rg2 Kc5 60. Rg5+ Kd6 61. Rf5 Rh6 62. Ra5 Re6 63. Kd4 Ke7 64. Kd5 Rd6+ 65. Ke5 Re6+ 66. Kf5 Rf6+ 67. Kg5 Rd6 68. Ra7+ Ke6 69. Rg7 Rd5+ 70. Kf4 Rd4+ 71. Ke3 Ra4 72. Rh7 Ra3+ 73. Ke4 Ra4+ 74. Ke3 Ke5 75. Rh5+ Kf6 76. Rh6+ Ke5 77. Rb6 Ra3+ 78. Kd2 Kd4 79. Rb4+ Kc5 80.
Rh4 Kd5 81. Ke2 Ra2+ 82. Kf3 Ra3+ 83. Ke2 Ra2+ 84. Kd3 Ra3+ 85. Kd2 Ra2+ 86. Kd3 Ra3+ 87. Kd2 Ra2+ 88. Kc3 Ra3+ 89. Kb4 Rf3 90. Rh5+ Kd4 91.
Rh4+ Kd5 92. Rh5+ Kd4 93. Rh4+ Kd5 1/2-1/2

[Event "Late-Titled-Tuesday-Blitz-February-20-2024"]
[Site "Chess.com"]
[Date "2024.02.20"]
[Round "6"]
[White "HamedWafa4"]
[Black "MusicCityMaster"]
[Result "1/2-1/2"]
[WhiteElo "2730"]
[BlackElo "2555"]
[TimeControl "180+1"]
[EndTime "15:09:33 PST"]
[Termination "Game drawn by repetition"]

1. d4 Nf6 2. Nc3 d5 3. Bf4 c6 4. e3 Bf5 5. Nf3 e6 6. Ne5 Nbd7 7. g4 Be4 8. f3 Bg6 9. h4 h6 10. Nxg6 fxg6 11. Bd3 Kf7 12. h5 g5 13. Bg3 Bb4 14.
a3 Bxc3+ 15. bxc3 Rf8 16. O-O Kg8 17. Qd2 Qe7 18. Rae1 e5 19. Qg2 e4 20. fxe4 dxe4 21. Bc4+ Kh8 22. Bh2 Nb6 23. Bb3 Nbd5 24. c4 Nb6 25.
Be5 Nbd7 26. Bh2 Qe6 27. c5 Qxg4 28. Qxg4 Nxg4 29. Bd6 Rxf1+ 30. Rxf1 Ndf6 31. Re1 Nxh5 32. Be6 Nhf6 33. Kf1 Re8 34. Bf5 h5 35. Ke2 Nh6 36. Bg6 Re6 37. c4 b6 38. cxb6 axb6 39. c5 bxc5 40.
dxc5 h4 41. a4 Nd5 42. Bh5 Nc3+ 43. Kd2 Nxa4 44. Rg1 Nf5 45. Bf7 Rf6 46. Bb3 Nxd6 47. Bxa4 Nf5 48. Rxg5 Kh7 49. Bd1 Kh6 50. Rh5+ Kg6 51.
Bg4 Nh6 52. Be2 Nf5 53. Bg4 Nh6 54. Be2 Rf5 55. Rxh4 Rd5+ 56. Ke1 Rxc5 57. Rxe4 Nf5 58. Bd3 Kf6 59. Rf4 g5 60. Rf1 Ke6 61. Kd2 Re5 62.
e4 Nd4 63. Ke3 c5 64. Rg1 Kf6 65. Rh1 Kg6 66. Ra1 g4 67. Rg1 Kg5 68. Rh1 Re7 69.
Rh8 Nf5+ 70. Kf2 Nd6 71. Rg8+ Kf4 72. Rf8+ Ke5 73. Ke3 c4 74. Bc2 Rg7 75. Ra8 g3 76. Ra5+ Ke6 77. Ra1 g2 78. Rg1 Ke5 79. Bd1 Nxe4 80.
Bf3 Nd6 81. Bxg2 Nf5+ 82. Kf2 Kf4 83. Re1 c3 84. Re4+ Kg5 85. Rc4 Rf7 86. Rxc3 Nh4+ 87. Kg3 Nxg2 88. Kxg2 Rf4 89. Kg3 Rg4+ 90. Kf3 Rf4+ 91.
Ke3 Rb4 92. Rc5+ Kf6 93. Rc8 Ke6 94. Rc6+ Kd5 95. Rh6 Re4+ 96. Kd3 Ra4 97. Rh5+ Ke6 98. Rh6+ Kf5 99. Rh5+ Kf6 100. Rc5 Ke6 101. Rc6+ Kd5 102. Rh6 Ra3+ 103. Kc2 Ke5 104. Rh5+ Kf4 105. Rh8 Ke4 106. Rh4+ Ke5 107. Rh1 Rg3 108. Re1+ Kd4 109. Rd1+ Kc4 110. Rd8 Rg2+ 111. Kd1 Kc3 112. Rc8+ Kd3 113. Rd8+ Kc3 114. Ke1 Rh2 115. Kf1 Ra2 116. Ke1 Rb2 117. Rc8+ Kd3 118. Rd8+ Ke3 119. Re8+ Kd3 120. Kf1 Ra2 121. Rd8+ Ke3 122. Re8+ Kd3 123. Kg1 Kc3 124. Kh1 Kd3 125. Kg1 Kc3 126. Re3+ Kd4 127. Rh3 Ke4 128. Rh4+ Kf3 129. Rh8 Ra1+ 130. Kh2 Ra2+ 131. Kg1 Ra1+ 132. Kh2 Ra2+ 133. Kh1 Ra1+ 134. Kh2 1/2-1/2

[Event "Late-Titled-Tuesday-Blitz-February-20-2024"]
[Site "Chess.com"]
[Date "2024.02.20"]
[Round "7"]
[White "GoltsevDmitry2000"]
[Black "picturesquecheck"]
[Result "1-0"]
[WhiteElo "2762"]
[BlackElo "2479"]
[TimeControl "180+1"]
[EndTime "15:11:48 PST"]
[Termination "GoltsevDmitry2000 won by resignation"]

1. e4 c5 2. Nf3 d6 3. d4 cxd4 4. Nxd4 Nf6 5. Nc3 Nc6 6. Be2 e5 7. Nf5 Bxf5 8. exf5 d5 9. Bg5 d4 10. Ne4 Be7 11. Bxf6 Bxf6 12. Bc4 O-O 13. h4 Be7 14. Qh5 b5 15. Ng5 h6 16. Bxf7+ Kh8 17. Qg6 1-0

[Event "Late-Titled-Tuesday-Blitz-February-20-2024"]
[Site "Chess.com"]
[Date "2024.02.20"]
[Round "7"]
[White "emeli_chess"]
[Black "giovannibrandao7"]
[Result "1-0"]
[WhiteElo "2415"]
[BlackElo "2240"]
[TimeControl "180+1"]
[EndTime "15:12:04 PST"]
[Termination "emeli_chess won by resignation"]

1. d4 Nf6 2. c4 e6 3. Nc3 d5 4.
cxd5 exd5 5. Bg5 Be7 6. e3 c6 7. Bd3 O-O 8. Qc2 Nbd7 9. Nf3 h6 10.
Bh4 Re8 11. O-O Ne4 12. Bxe4 dxe4 13. Qxe4 f5 14. Qe6+ Kf8 1-0

[Event "Late-Titled-Tuesday-Blitz-February-20-2024"]
[Site "Chess.com"]
[Date "2024.02.20"]
[Round "7"]
[White "Fore_Man"]
[Black "babero_gordo"]
[Result "0-1"]
[WhiteElo "2335"]
[BlackElo "2180"]
[TimeControl "180+1"]
[EndTime "15:12:31 PST"]
[Termination "babero_gordo won by resignation"]

1. c3 Nf6 2. d4 e5 3. dxe5 Ng4 4. Nf3 Bc5 5. e3 Nc6 6. Nbd2 Qe7 7. Be2 a5 8. O-O Ncxe5 9. Nxe5 Nxe5 10. Nc4 d6 11.
Nxe5 dxe5 12. Bg4 O-O 13. Bxc8 Raxc8 14. e4 Qf6 15. Qg4 Rcd8 16. Bg5 Qb6 17. b3 Rd3 18.
Rac1 Ba3 19. Qe2 Bxc1 20. Bxc1 0-1

[Event "Late-Titled-Tuesday-Blitz-February-20-2024"]
[Site "Chess.com"]
[Date "2024.02.20"]
[Round "7"]
[White "Casper"]
[Black "DonJuanEGenaro"]
[Result "0-1"]
[WhiteElo "2537"]
[BlackElo "2144"]
[TimeControl "180+1"]
[EndTime "15:13:02 PST"]
[Termination "DonJuanEGenaro won by checkmate"]

1. e4 e6 2. Ne2 c5 3. d4 cxd4 4. Nxd4 a6 5. Nd2 Nc6 6. Nxc6 bxc6 7. Bd3 d5 8. O-O Nf6 9. c4 Be7 10. Re1 O-O 11. exd5 cxd5 12. cxd5 Nxd5 13. Nf3 Bb7 14. h3 Nb4 15. Be2 Qxd1 16. Rxd1 Rfd8 17. Bd2 Be4 18.
a3 Nd5 19. Kf1 Bf6 20. Ra2 Bc2 21. Rc1 Bb3 22. Raa1 Bxb2 23. Rab1 Bxc1 24. Rxb3 Bxd2 25. Nxd2 Ne3+ 26. Rxe3 Rxd2 27. Rb3 Rc8 28. Ke1 Ra2 29.
Bxa6 Rc1# 0-1

[Event "Late-Titled-Tuesday-Blitz-February-20-2024"]
[Site "Chess.com"]
[Date "2024.02.20"]
[Round "7"]
[White "giomar27"]
[Black "Ready4abattle"]
[Result "0-1"]
[WhiteElo "2444"]
[BlackElo "2289"]
[TimeControl "180+1"]
[EndTime "15:13:21 PST"]
[Termination "Ready4abattle won by resignation"]

1. f3 e5 2. Nh3 d5 3. Nf2 Nf6 4. g3 Nc6 5. Bg2 Bc5 6. O-O O-O 7. d3 a5 8. e4 dxe4 9. dxe4 Qxd1 10.
Rxd1 Nd4 11. Rd2 Be6 12. c3 Nc6 13. Kf1 Bc4+ 14. Ke1 Rad8 15. b3 Ba6 16. Rxd8 Rxd8 17. Bg5 Bxf2+ 18. Kxf2 Rd1 19. Be3 Bd3 0-1

[Event "Late-Titled-Tuesday-Blitz-February-20-2024"]
[Site "Chess.com"]
[Date "2024.02.20"]
[Round "7"]
[White "ACollins05"]
[Black "K_A_S_T_O_R"]
[Result "0-1"]
[WhiteElo "2586"]
[BlackElo "2783"]
[TimeControl "180+1"]
[EndTime "15:13:30 PST"]
[Termination "K_A_S_T_O_R won by resignation"]

1. d4 Nf6 2. c4 e6 3. Nf3 Bb4+ 4. Nbd2 O-O 5. a3 Be7 6. e4 d6 7. Bd3 c5 8. O-O cxd4 9. Nxd4 a6 10. N2f3 Qc7 11.
h3 Nbd7 12. Be3 b6 13. Rc1 Bb7 14. Nd2 Nc5 15. Qc2 Nxd3 16. Qxd3 Rac8 17. b4 Rfd8 18. f3 Nd7 19. N2b3 Ne5 20. Qe2 Nxc4 21. Nd2 d5 22. Nxc4 dxc4 23. Rfd1 b5 24. Qf2 Rd7 25. Re1 Bf6 26.
Nb3 Rd3 27. Nc5 Rxa3 28. f4 Bc6 29. e5 Be7 30. f5 exf5 31. Qxf5 Bd5 32. Rcd1 Bxc5 33. Bxc5 Be6 34. Qg5 h6 35. Qg3 a5 36.
Bd6 Rxg3 0-1

[Event "Late-Titled-Tuesday-Blitz-February-20-2024"]
[Site "Chess.com"]
[Date "2024.02.20"]
[Round "7"]
[White "Goryachkina"]
[Black "Superfelix"]
[Result "1-0"]
[WhiteElo "2704"]
[BlackElo "2534"]
[TimeControl "180+1"]
[EndTime "15:13:48 PST"]
[Termination "Goryachkina won by resignation"]

1. e4 c6 2. Nf3 g6 3. d4 d5 4. e5 h5 5. h3 Nh6 6. Bd3 Bf5 7. Bg5 Qb6 8. b3 Bxd3 9. Qxd3 Nf5 10. O-O e6 11. c4 Nd7 12. Nc3 Qa6 13. Ne2 Ba3 14. Nf4 h4 15. Rab1 Nb6 16. c5 Nd7 17. Qxa6 bxa6 18. b4 Rb8 19. Rb3 Bxb4 20. Rfb1 a5 21. a3 O-O 22. axb4 axb4 23. Rxb4 1-0

[Event "Late-Titled-Tuesday-Blitz-February-20-2024"]
[Site "Chess.com"]
[Date "2024.02.20"]
[Round "7"]
[White "aghasiyevkamal"]
[Black "Fluffey"]
[Result "1-0"]
[WhiteElo "2627"]
[BlackElo "2326"]
[TimeControl "180+1"]
[EndTime "15:13:56 PST"]
[Termination "aghasiyevkamal won by resignation"]

1. d4 Nf6 2. c4 b6 3. Nc3 Bb7 4. Bg5 Ne4 5. Nxe4 Bxe4 6. Nf3 g6 7. e3 Bg7 8. Bd3 Bxd3 9. Qxd3 c6 10. O-O O-O 11. Rac1 Na6 12. a3 Nc7 13. e4 d6 14.
b3 Qd7 15. d5 c5 16. Qe3 e5 17.
dxe6 Nxe6 18. Bh6 b5 19. Bxg7 Kxg7 20. Rfd1 bxc4 21. Ne5 Qc6 22. Nxc6 cxb3 23. Rxd6 a5 24. Qxb3 Rfc8 25. Rxe6 fxe6 26. Qxe6 Rc7 27. Qe5+ 1-0

[Event "Late-Titled-Tuesday-Blitz-February-20-2024"]
[Site "Chess.com"]
[Date "2024.02.20"]
[Round "7"]
[White "lluiss"]
[Black "s-dshubin"]
[Result "0-1"]
[WhiteElo "2183"]
[BlackElo "2348"]
[TimeControl "180+1"]
[EndTime "15:13:56 PST"]
[Termination "s-dshubin won by resignation"]

1. e4 e6 2. d4 d5 3. e5 c5 4. Nf3 Qb6 5. c3 Bd7 6. a4 Nc6 7. Bb5 Nh6 8. Be3 Nf5 9. O-O Nxe3 10. fxe3 Be7 11. Nbd2 O-O 12. Qc2 a6 13. Bd3 h6 14.
Rf2 cxd4 15. exd4 Rac8 16. Nb3 Nb4 17. a5 Nxc2 18. axb6 Nxa1 19. Nxa1 Rc6 20. Nc2 Rxb6 21. Ne3 a5 22. Ne1 a4 23. N1c2 Rxb2 0-1

[Event "Late-Titled-Tuesday-Blitz-February-20-2024"]
[Site "Chess.com"]
[Date "2024.02.20"]
[Round "7"]
[White "Onthequiet"]
[Black "martinmena"]
[Result "1-0"]
[WhiteElo "2438"]
[BlackElo "2201"]
[TimeControl "180+1"]
[EndTime "15:14:00 PST"]
[Termination "Onthequiet won by resignation"]

1. d4 d5 2. Nf3 Nf6 3. c4 e6 4. Nc3 Be7 5. Bf4 O-O 6. e3 a6 7. c5 a5 8. a3 b6 9. b4 bxc5 10. bxc5 Ba6 11. Bxa6 Nxa6 12. Ne5 Ne4 13. Nxe4 dxe4 14.
Qa4 Qd5 15. O-O Rfc8 16. Nc6 Bf6 17. Be5 Bxe5 18. Ne7+ Kf8 19. Nxd5 exd5 20. dxe5 Nxc5 21. Qc6 Nb3 22. Rad1 Rab8 23. Rxd5 Rb6 24. Qd7 1-0

[Event "Late-Titled-Tuesday-Blitz-February-20-2024"]
[Site "Chess.com"]
[Date "2024.02.20"]
[Round "7"]
[White "Mesa_1"]
[Black "Fonsofan"]
[Result "0-1"]
[WhiteElo "2549"]
[BlackElo "2691"]
[TimeControl "180+1"]
[EndTime "15:14:04 PST"]
[Termination "Fonsofan won by resignation"]

1. d4 b5 2. e4 Bb7 3. Bxb5 Bxe4 4. Nf3 e6 5. O-O Nf6 6. c4 Be7 7. Nc3 Bc6 8. Re1 Bxb5 9. cxb5 a6 10. bxa6 d5 11. Qa4+ Qd7 12. Qb3 Nxa6 13. Ne5 Qc8 14. Qb5+ Nd7 15. Nxd5 Bd6 16. Bf4 Bxe5 17. Bxe5 c6 18.
Nc7+ Nxc7 19. Qxc6 Nd5 20. Qd6 Qa6 0-1

[Event "Late-Titled-Tuesday-Blitz-February-20-2024"]
[Site "Chess.com"]
[Date "2024.02.20"]
[Round "7"]
[White "yuriydovzik"]
[Black "jactorres"]
[Result "1-0"]
[WhiteElo "2169"]
[BlackElo "2394"]
[TimeControl "180+1"]
[EndTime "15:14:20 PST"]
[Termination "yuriydovzik won by checkmate"]

1. g3 g6 2. Bg2 Bg7 3. d4 e6 4. c4 Ne7 5. Nf3 d5 6. Nbd2 O-O 7. O-O c5 8. dxc5 Na6 9. cxd5 exd5 10.
Nb3 Bf5 11. Nfd4 Be4 12. f3 Bxd4+ 13. Qxd4 Bf5 14. Bh6 Re8 15. Qg7# 1-0

[Event "Late-Titled-Tuesday-Blitz-February-20-2024"]
[Site "Chess.com"]
[Date "2024.02.20"]
[Round "7"]
[White "krzyzan94"]
[Black "RantomOpening"]
[Result "1-0"]
[WhiteElo "2775"]
[BlackElo "2579"]
[TimeControl "180+1"]
[EndTime "15:14:22 PST"]
[Termination "krzyzan94 won by resignation"]

1. d4 d5 2. Bf4 Nf6 3. e3 g6 4. h4 Bg7 5. h5 Nxh5 6. Rxh5 gxh5 7.
Qxh5 c5 8. Nc3 Nc6 9. O-O-O cxd4 10. exd4 Be6 11. Nf3 Qd7 12. Ng5 O-O-O 13. Nxe6 fxe6 14.
Bg3 Bxd4 15. Rxd4 Nxd4 16. Qe5 Qc6 17. Qxd4 a6 18. Na4 Rdg8 19. Be5 b5 20. Nc5 1-0

[Event "Late-Titled-Tuesday-Blitz-February-20-2024"]
[Site "Chess.com"]
[Date "2024.02.20"]
[Round "7"]
[White "SharathRk6"]
[Black "cmunda"]
[Result "1/2-1/2"]
[WhiteElo "2394"]
[BlackElo "2139"]
[TimeControl "180+1"]
[EndTime "15:14:44 PST"]
[Termination "Game drawn by repetition"]

1. e4 c5 2. Nf3 e6 3. d4 d5 4. exd5 exd5 5. dxc5 Bxc5 6. Be2 Nf6 7.
O-O h6 8. a3 O-O 9. b4 Bd6 10.
Bb2 Bg4 11. h3 Bh5 12. Nd4 Bxe2 13. Qxe2 Re8 14. Qf3 Nc6 15. Nxc6 bxc6 16. Bxf6 Qxf6 17. Qxf6 gxf6 18. Nd2 Re2 19. Rad1 Rae8 20. Nf3 Rxc2 21. Nd4 Rc4 22. Nf5 Bf8 23. Rfe1 Re5 24. g4 h5 25. f3 Rc3 26. Kg2 Rxa3 27. f4 Rxe1 28. Rxe1 hxg4 29.
hxg4 Bxb4 30. Re8+ Kh7 31. Rc8 Rc3 32. Rc7 Kg8 33.
Rc8+ Kh7 34. Rc7 Kg8 35. Rc8+ Kh7 1/2-1/2

[Event "Late-Titled-Tuesday-Blitz-February-20-2024"]
[Site "Chess.com"]
[Date "2024.02.20"]
[Round "7"]
[White "micke12a"]
[Black "Maestro1986"]
[Result "1-0"]
[WhiteElo "2371"]
[BlackElo "2497"]
[TimeControl "180+1"]
[EndTime "15:14:46 PST"]
[Termination "micke12a won by resignation"]

1. e4 c5 2. Nc3 g6 3. d4 cxd4 4. Qxd4 Nf6 5. Be3 Nc6 6. Qd2 Bg7 7. f3 O-O 8. O-O-O d6 9. Nge2 Be6 10. Nf4 Bd7 11.
h4 h5 12. g4 Ne5 13. gxh5 gxh5 14. Qg2 Rc8 15. Rg1 Bg4 16. fxg4 hxg4 17. Bd4 Qa5 18.
Kb1 b5 19. Ncd5 Qa4 20. Nxe7+ Kh8 21. Nxc8 Rxc8 22. b3 Qa3 23. Bb2 Qc5 24. Nd3 Nxd3 25. Bxd3 a5 26. Rdf1 1-0

[Event "Late-Titled-Tuesday-Blitz-February-20-2024"]
[Site "Chess.com"]
[Date "2024.02.20"]
[Round "7"]
[White "Iuckyducky"]
[Black "SouS007"]
[Result "0-1"]
[WhiteElo "2319"]
[BlackElo "2499"]
[TimeControl "180+1"]
[EndTime "15:14:49 PST"]
[Termination "SouS007 won by resignation"]

1. d4 Nf6 2. Nf3 d5 3. c4 e6 4. g3 Be7 5. Bg2 O-O 6. O-O dxc4 7. Qc2 c6 8. a4 b6 9. Nbd2 Bb7 10.
Nxc4 c5 11. Rd1 Be4 12. Qc3 Nc6 13. Be3 Nd5 14. Qb3 Ncb4 15. dxc5 Bc2 16. Qa3 Bxd1 17. Rxd1 Nc2 18. Qb3 Ncxe3 19. Nxe3 Bxc5 20. Nxd5 exd5 21. Rxd5 Qe7 22. Re5 Qf6 23. e3 Rad8 24. h4 h6 25. Kh2 Rfe8 26. Rxe8+ Rxe8 27. Qb5 Rd8 28. b4 Bd6 29.
Qc6 Bxg3+ 30. fxg3 Qxc6 0-1

[Event "Late-Titled-Tuesday-Blitz-February-20-2024"]
[Site "Chess.com"]
[Date "2024.02.20"]
[Round "7"]
[White "slavenok"]
[Black "WilsonPalencia21"]
[Result "1-0"]
[WhiteElo "2756"]
[BlackElo "2544"]
[TimeControl "180+1"]
[EndTime "15:14:53 PST"]
[Termination "slavenok won on time"]

1. e4 c5 2. d4 cxd4 3. Nf3 d6 4. Bc4 Nf6 5. Qe2 Nc6 6. h3 e6 7.
O-O Be7 8. Rd1 Qb6 9. c3 dxc3 10. Nxc3 O-O 11. Be3 Qa5 12. Nb5 Nxe4 13. Bf4 d5 14. Bd3 Nc5 15. Bc2 Qb4 16. Be3 Ne4 17. a3 Qxb2 18. Nfd4 a6 19. Rab1 Qa2 20. Nxc6 bxc6 21.
Nc7 Bd7 22. Nxa8 Rxa8 23. Rb7 Nf6 24. Bxh7+ 1-0

[Event "Late-Titled-Tuesday-Blitz-February-20-2024"]
[Site "Chess.com"]
[Date "2024.02.20"]
[Round "7"]
[White "thechesscorner64"]
[Black "davigator"]
[Result "0-1"]
[WhiteElo "2514"]
[BlackElo "2412"]
[TimeControl "180+1"]
[EndTime "15:14:56 PST"]
[Termination "davigator won by resignation"]

1. e4 c5 2. Nf3 Nc6 3. Bb5 g6 4. O-O Bg7 5. c3 Nf6 6. d4 cxd4 7. cxd4 d5 8. e5 Ne4 9. Nc3 Nxc3 10. bxc3 O-O 11. a4 Qc7 12. h3 Na5 13. Ba3 Bf5 14.
Nd2 Rfc8 15. Bb4 b6 16. Qf3 Be6 17. Ba6 Rd8 18. Rac1 Rab8 19. Qg3 Bh6 20. f4 Bf5 21. Qh4 Bf8 22. Nf3 h6 23. g4 Be4 24. Nd2 Nc6 25.
Be2 Nxb4 26. cxb4 Qb7 27. g5 hxg5 28. fxg5 e6 29. Bb5 Bf5 30. Rxf5 exf5 31. Nf3 Rbc8 32. Re1 Rc3 33. Qf4 a6 34. Bf1 Qc7 35. e6 Qxf4 0-1

[Event "Late-Titled-Tuesday-Blitz-February-20-2024"]
[Site "Chess.com"]
[Date "2024.02.20"]
[Round "7"]
[White "jamengrand"]
[Black "Bugcrusher"]
[Result "1-0"]
[WhiteElo "2350"]
[BlackElo "2490"]
[TimeControl "180+1"]
[EndTime "15:14:56 PST"]
[Termination "jamengrand won by resignation"]

1. e4 c6 2. Nf3 d5 3. exd5 cxd5 4. Ne5 Nc6 5. d4 e6 6. c3 Bd6 7. Bb5 Bd7 8. Qe2 Nf6 9. Bd3 Qc7 10. f4 Ne7 11.
Nd2 O-O 12. Ndf3 Ne4 13. Nxd7 Qxd7 14. Bxe4 dxe4 15. Qxe4 b5 16. O-O b4 17. c4 Rac8 18.
b3 Nf5 19. Bb2 Bb8 20. Rad1 Rfd8 21. Ne5 Bxe5 22. fxe5 Qe7 23. Rxf5 exf5 24. Qxf5 a5 25. d5 a4 26. Rf1 axb3 27. axb3 Ra8 28. Bd4 Ra3 29.
d6 Qb7 30. e6 fxe6 31. Qxe6+ Kh8 32. Qe7 1-0

[Event "Late-Titled-Tuesday-Blitz-February-20-2024"]
[Site "Chess.com"]
[Date "2024.02.20"]
[Round "7"]
[White "Josetricks"]
[Black "TokChess"]
[Result "0-1"]
[WhiteElo "2403"]
[BlackElo "2559"]
[TimeControl "180+1"]
[EndTime "15:14:58 PST"]
[Termination "TokChess won by resignation"]

1. c4 Nf6 2. g3 g6 3. Bg2 Bg7 4. b3 O-O 5. Bb2 a5 6. a3 d6 7. Nf3 e5 8. O-O Re8 9. Nc3 Nbd7 10. d4 e4 11. Ne1 h5 12. Nc2 Nb6 13. a4 c6 14. Ne3 d5 15. cxd5 Nbxd5 16. Nexd5 cxd5 17. Nb5 e3 18. fxe3 Ng4 19. Qc1 Nxe3 20. Nc7 Nxf1 21. Nxa8 Ne3 22. Nc7 Nxg2 23. Nxe8 Qxe8 24. Kxg2 Qxe2+ 25. Kg1 Bh3 0-1

[Event "Late-Titled-Tuesday-Blitz-February-20-2024"]
[Site "Chess.com"]
[Date "2024.02.20"]
[Round "7"]
[White "Cambek64"]
[Black "IngOscarArdila"]
[Result "1-0"]
[WhiteElo "2436"]
[BlackElo "2257"]
[TimeControl "180+1"]
[EndTime "15:15:02 PST"]
[Termination "Cambek64 won by resignation"]

1. e3 Nf6 2. d4 g6 3. c4 Bg7 4. Nc3 O-O 5. Nf3 b6 6. Bd3 Bb7 7. O-O c5 8. d5 d6 9. e4 Bc8 10. h3 Nbd7 11. Bf4 Nh5 12. Bh2 a6 13. Re1 Qc7 14. Qe2 Ne5 15. Nd2 Rb8 16. a4 Nxd3 17. Qxd3 f5 18. exf5 Bxf5 19. Nde4 Nf6 20. Ra2 Nxe4 21.
Nxe4 b5 22. axb5 axb5 23. b3 bxc4 24. bxc4 Rb4 25. g4 Bxe4 26. Rxe4 Rb1+ 27. Qxb1 Rb8 28. Qd3 Bd4 29. Kg2 Kg7 30. Rxd4 cxd4 31. Qxd4+ Kg8 32. Re2 Rf8 33. Bg3 Rf7 34. Re4 Qa5 35.
h4 h6 36. Qe3 1-0

[Event "Late-Titled-Tuesday-Blitz-February-20-2024"]
[Site "Chess.com"]
[Date "2024.02.20"]
[Round "7"]
[White "DonJuan_34"]
[Black "JoakimVonAnd"]
[Result "0-1"]
[WhiteElo "2474"]
[BlackElo "2690"]
[TimeControl "180+1"]
[EndTime "15:15:06 PST"]
[Termination "JoakimVonAnd won by resignation"]

1. d4 d5 2. c4 e6 3. Nc3 Nf6 4.
cxd5 Nxd5 5. Nf3 c5 6. e4 Nxc3 7. bxc3 cxd4 8. cxd4 Bb4+ 9. Bd2 Bxd2+ 10. Qxd2 O-O 11.
Be2 Nd7 12. O-O Nf6 13. Qe3 b6 14. Rad1 Bb7 15. d5 exd5 16. e5 Ne4 17. Nd4 Qe7 18.
Bd3 Qxe5 19. f3 Qg5 20. f4 Qf6 21. f5 Rfe8 22. Bb1 Rac8 23. Bxe4 dxe4 24. Nb5 Ba6 25.
Nd6 Bxf1 26. Nxc8 Rxc8 27. Rxf1 Re8 28. Rf4 Qa1+ 29. Kf2 Qxa2+ 30. Kg3 Qd5 31. f6 Qd3 32. Qxd3 exd3 33. Rd4 gxf6 34. Rxd3 Rb8 35. Rd7 a5 36.
Kf4 b5 37. Kf5 b4 38. Kxf6 b3 39. Rxf7 Rb6+ 0-1

[Event "Late-Titled-Tuesday-Blitz-February-20-2024"]
[Site "Chess.com"]
[Date "2024.02.20"]
[Round "7"]
[White "el008"]
[Black "a-z30"]
[Result "1-0"]
[WhiteElo "2541"]
[BlackElo "2390"]
[TimeControl "180+1"]
[EndTime "15:15:17 PST"]
[Termination "el008 won by resignation"]

1. Nf3 d6 2. d4 Nf6 3. g3 g6 4. Bg2 Bg7 5. O-O O-O 6. Nc3 d5 7. Bf4 c6 8. Rc1 Bf5 9. Nb1 Nbd7 10. Nbd2 Qb6 11. b3 Rad8 12. c4 Ne4 13. Be3 Nxd2 14. Nxd2 Nf6 15. h3 h5 16. Kh2 a5 17. a3 Rfe8 18.
Rc3 Ne4 19. Rd3 Nxg3 20. fxg3 Bxd3 21. c5 Qa6 22. exd3 Qxd3 23. Rf4 e5 24. Rf3 e4 25. Bf1 Qc3 26. Nb1 Qa1 27. Rf2 f5 28. Bg2 Bf6 29.
Rd2 Rf8 30. Qc2 g5 31. Rd1 f4 32. gxf4 gxf4 33. Nc3 Qxa3 34. Bxf4 Qb4 35. Be3 Bg7 36. Ne2 a4 37. bxa4 Qa5 38. Ng3 Qa8 39. Nxh5 Qb8+ 40.
Kh1 Rf5 41. Nxg7 Kxg7 42. Rg1 Rdf8 43. Bxe4+ 1-0

[Event "Late-Titled-Tuesday-Blitz-February-20-2024"]
[Site "Chess.com"]
[Date "2024.02.20"]
[Round "7"]
[White "mishanick"]
[Black "mirciulica14"]
[Result "1-0"]
[WhiteElo "2992"]
[BlackElo "2650"]
[TimeControl "180+1"]
[EndTime "15:15:20 PST"]
[Termination "mishanick won by checkmate"]

1. d4 g6 2. e4 c6 3. f4 d5 4. e5 Nh6 5. Nf3 f6 6. Bd3 Bg7 7. O-O O-O 8. Nc3 Bg4 9. h3 Bxf3 10.
Rxf3 e6 11. Ne2 fxe5 12. dxe5 c5 13. c3 Nc6 14. Be3 Qe7 15. Qe1 Nf5 16. Bf2 Rf7 17.
Rd1 Raf8 18. Bc2 b6 19. a3 g5 20. Ba4 Nb8 21. fxg5 Qxg5 22. Nf4 Qe7 23. Bb3 Nc6 24.
Nxe6 Nxe5 25. Rxf5 Rxf5 26. Bxd5 Rxf2 27. Nxf8+ Rf7 28.
Ne6 Kh8 29. Nxg7 Rxg7 30. Qf2 Rg6 31. Re1 Rf6 32. Qg3 Rf5 33. Qg8# 1-0

[Event "Late-Titled-Tuesday-Blitz-February-20-2024"]
[Site "Chess.com"]
[Date "2024.02.20"]
[Round "7"]
[White "BabageldiAnnaberdiyev"]
[Black "rdarruda"]
[Result "1-0"]
[WhiteElo "2625"]
[BlackElo "2536"]
[TimeControl "180+1"]
[EndTime "15:15:20 PST"]
[Termination "BabageldiAnnaberdiyev won by resignation"]

1. e4 c5 2. Nf3 Nc6 3. d3 e6 4. Nbd2 Nf6 5. g3 d5 6. Bg2 Be7 7. O-O b6 8. Re1 O-O 9. e5 Nd7 10. Nf1 Bb7 11. c3 Qc7 12. Qe2 d4 13. c4 Rae8 14.
Bf4 Qc8 15. h4 f5 16. exf6 Nxf6 17. Qxe6+ Qxe6 18. Rxe6 Nb4 19. Ne5 Bxg2 20. Kxg2 Bd8 21. Rxe8 Rxe8 22. a3 Na6 23. Nc6 Bc7 24. Bxc7 Nxc7 25.
b4 a6 26. bxc5 bxc5 27. Rb1 Re2 28. Nh2 Rd2 29. Rb7 Nce8 30. Ne5 Ra2 31. g4 Rxa3 32.
Nhf3 h5 33. g5 Ng4 34. Nxg4 hxg4 35. Ne5 a5 36. Re7 Nd6 37. Rd7 Ne8 38. Ra7 a4 39. h5 Ra1 40. Ra8 Kf8 41. h6 gxh6 42. gxh6 1-0

[Event "Late-Titled-Tuesday-Blitz-February-20-2024"]
[Site "Chess.com"]
[Date "2024.02.20"]
[Round "7"]
[White "Laico"]
[Black "shirovin"]
[Result "1-0"]
[WhiteElo "2372"]
[BlackElo "2090"]
[TimeControl "180+1"]
[EndTime "15:15:20 PST"]
[Termination "Laico won on time"]

1. e4 c5 2. Nc3 d6 3. f4 Nc6 4.
Nf3 g6 5. Bb5 Bd7 6. Bxc6 Bxc6 7. d3 Bg7 8. O-O e6 9. f5 gxf5 10. exf5 e5 11. Qe1 Ne7 12. Ng5 Nd5 13. Qg3 Nxc3 14.
bxc3 Qf6 15. Nxh7 Qd8 16. Qxg7 Rxh7 17. Qg8+ Ke7 18. Bg5+ f6 19. Qxh7+ Kf8 20. Bh6+ 1-0